 Dungeon Crawl Stone Soup version 0.17.0-57-g0e89251 (webtiles) character file.

5278 HandofTrog the Cudgeler (level 10, -5/79 HPs)
             Began as a Demonspawn Gladiator on Dec 7, 2015.
             Was a Believer of Kikubaaqudgha.
             Slain by a troll (14 damage)
             ... on level 10 of the Dungeon.
             The game lasted 00:47:45 (10822 turns).

HandofTrog the Cudgeler (Demonspawn Gladiator)     Turns: 10822, Time: 00:47:46

Health: -5/79      AC: 23    Str: 18    XL:     10   Next: 36%
Magic:  0/18       EV: 18    Int:  9    God:    Kikubaaqudgha [**....]
Gold:   492        SH:  0    Dex: 20    Spells: 6 memorised, 5 levels left

rFire  + . .     SeeInvis .     M - +1 flail (protect)
rCold  + + .     Clarity  .     Y - +0 ring mail {rF+}
rNeg   . . .     SustAt   .     (no shield)
rPois  +         Gourm    .     c - +1 helmet
rElec  .         Spirit   +     v - +2 cloak
rCorr  .         Warding  .     (no gloves)
rMut   +         Stasis   .     u - +2 pair of boots
MR     .....                    h - amulet of resist mutation
Stlth  ++........               T - +3 ring of evasion
                                C - ring of poison resistance

@: agile, heavily drained, not resistant to hostile enchantments, unstealthy
A: hooves 2, icy blue scales 3, cold resistance 1, magic shield
a: Receive Corpses, Renounce Religion


You were on level 10 of the Dungeon.
You worshipped Kikubaaqudgha.
Kikubaaqudgha was pleased with you.
You were very hungry.

You visited 2 branches of the dungeon, and saw 11 of its levels.
You also visited: Ossuary.

You collected 492 gold pieces.

Inventory:

Hand Weapons
 b - a -2 quarterstaff
 H - a +1 dire flail of draining
 M - a +1 flail of protection (weapon)
Missiles
 x - 4 javelins (quivered)
Armour
 c - a +1 helmet (worn)
 u - a +2 pair of boots (worn)
 v - a +2 cloak (worn)
 E - a +0 pair of boots
 G - a +0 shield
 Y - a +0 ring mail of fire resistance (worn)
Jewellery
 h - an amulet of resist mutation (around neck)
 m - an uncursed ring of magical power
 y - an uncursed ring of sustain attributes
 A - a +3 ring of intelligence
 C - a ring of poison resistance (left hand)
 O - an uncursed ring of teleportation
 T - a +3 ring of evasion (right hand)
Wands
 g - a wand of magic darts (15)
 i - a wand of teleportation (4)
 n - a wand of frost (19)
 B - a wand of flame (19)
 D - a wand of frost (42)
Scrolls
 k - 2 scrolls of immolation
 l - 2 scrolls of magic mapping
 q - 2 scrolls of amnesia
 r - 2 scrolls of remove curse
 J - a scroll of enchant weapon
 N - 2 scrolls of fog
 R - a scroll of fear {unknown}
 V - 4 scrolls of recharging
Potions
 j - 2 potions of brilliance
 t - 2 potions of mutation {unknown}
 z - a potion of cancellation {unknown}
 K - a potion of flight {unknown}
 L - a potion of invisibility {unknown}
 S - 3 potions of haste
 Z - a potion of resistance {unknown}
Books
 a - a book of Air

   Spells                             Type                      Level
   a - Shock                          Conjuration/Air              1
   b - Swiftness                      Charms/Air                   2
   c - Repel Missiles                 Charms/Air                   2
   d - Static Discharge               Conjuration/Air              3
   e - Lightning Bolt                 Conjuration/Air              5
 f - an Akashic Record

   Spells                             Type                      Level
   a - Dispersal                      Translocation                6
   b - Malign Gateway                 Summoning/Translocation      7
   c - Disjunction                    Translocation                8
   d - Controlled Blink               Translocation                8
 F - a book of Maledictions

   Spells                             Type                      Level
   a - Corona                         Hexes                        1
   b - Ensorcelled Hibernation        Hexes/Ice                    2
   c - Confuse                        Hexes                        3
   d - Tukima's Dance                 Hexes                        3
   e - Dazzling Spray                 Conjuration/Hexes            3
 U - a book of Beasts

   Spells                             Type                      Level
   a - Summon Butterflies             Summoning                    1
   b - Call Canine Familiar           Summoning                    3
   c - Summon Ice Beast               Ice/Summoning                4
   d - Summon Mana Viper              Hexes/Summoning              5
   e - Summon Hydra                   Summoning                    7
 X - Kikubaaqudgha's Compendium of Black Rituals
   (Kikubaaqudgha gifted it to you on level 8 of the Dungeon)

   Spells                             Type                      Level
   a - Pain                           Necromancy                   1
   b - Corpse Rot                     Necromancy                   2
   c - Sublimation of Blood           Necromancy                   2
   d - Regeneration                   Charms/Necromancy            3
   e - Control Undead                 Necromancy                   4
Comestibles
 e - 2 bread rations
 o - 4 meat rations
 s - a slice of pizza
 I - 2 fruits


   Skills:
 - Level 7.0(4.1) Fighting
 - Level 7.1(4.5) Maces & Flails
 - Level 3.0(2.7) Staves
 - Level 1.8(0.0) Throwing
 - Level 6.0(3.3) Armour
 - Level 3.7(1.1) Dodging
 + Level 5.3(2.6) Spellcasting
 + Level 3.5(0.9) Charms
 - Level 5.0(2.3) Necromancy


You had 5 spell levels left.
You knew the following spells:

 Your Spells              Type           Power        Failure   Level  Hunger
a - Regeneration          Chrm/Necr      #.........   86%         3    ####...
b - Control Undead        Necr           #.........   99%         4    #####..
c - Repel Missiles        Chrm/Air       #.....       73%         2    ###....
d - Swiftness             Chrm/Air       #.......     73%         2    ###....
e - Summon Butterflies    Summ           #.......     61%         1    ##.....
f - Corpse Rot            Necr           N/A          38%         2    ###....


Dungeon Overview and Level Annotations

Branches:
Dungeon (10/15)            Temple (1/1) D:5            Lair (0/8) D:9
    Orc: D:9-12

Altars:
Ashenzari
Cheibriados
Dithmenos
Elyvilon
Fedhas
Gozag
Kikubaaqudgha
Makhleb
Nemelex Xobeh
Okawaru
Qazlal
Ru
Sif Muna
Trog
Vehumet
Xom
Yredelemnul
Zin
The Shining One


Innate Abilities, Weirdness & Mutations

You have hoof-like feet.
You are completely covered in icy blue scales (AC +4, EV -1, rC+).
Your flesh is cold resistant.
When hurt, damage is shared between your health and your magic reserves.


Message History

* * * LOW HITPOINT WARNING * * *
Drink which item? (? for menu, Esc to quit)
You feel better. The troll completely misses you. The troll claws you!
* * * LOW HITPOINT WARNING * * *
The troll claws you.
* * * LOW HITPOINT WARNING * * *
Unknown command.
You hit the troll.
The troll is heavily wounded.
The troll bites you but does no damage. The troll claws you but does no damage.
The troll barely misses you.
You closely miss the troll.
The troll is heavily wounded.
The troll bites you but does no damage. The troll misses you.
The troll completely misses you.
You closely miss the troll.
The troll is heavily wounded.
The troll bites you!
You die...
Kikubaaqudgha rasps: "You have failed me!
Welcome... death!"

########.##.....#
#.......).J5.##.#
#.#######)#### #
#.# #.# #.# #.#
#.# #.# #.# #.#
#.# #.# #@# #.#
#T# #((..T...
#########


You could see a troll.

Vanquished Creatures
  The ghost of AAAAA the Carver, a novice TeBe of Trog (D:5)
  A troll (D:9)
  A two-headed ogre (D:7)
  2 hippogriffs
  Eustachio (D:4)
  A vampire mosquito (D:10)
  Menkaure (D:5)
  Edmund (D:6)
  A water moccasin (D:8)
  A sky beast (D:6)
  A phantom (D:6)
  4 orc warriors
  2 ice beasts
  A wasp (D:9)
  3 centaurs
  3 ogres
  A big kobold (D:9)
  5 giant frogs
  9 scorpions
  A water moccasin zombie (D:7)
  4 killer bees (D:9)
  4 wights (D:7)
  A crimson imp (D:7)
  3 hounds
  Crazy Yiuf (D:5)
  4 centaur zombies
  A human zombie (Ossuary)
  4 orc priests
  A centaur skeleton (D:6)
  2 iguanas
  7 orc wizards
  4 worker ants
  A killer bee zombie (D:7)
  3 big kobold zombies (Ossuary)
  3 mummies (Ossuary)
  2 worker ant zombies
  9 adders
  6 gnolls (D:5)
  3 scorpion zombies (Ossuary)
  A shadow imp (D:7)
  2 oozes
  5 worms
  2 adder skeletons (D:6)
  7 giant geckos
  49 orcs
  4 bats
  7 giant cockroaches
  2 gnoll zombies (Ossuary)
  7 hobgoblins
  2 jackals (D:3)
  12 kobolds
  2 ball pythons
  2 giant newts
  2 goblins
  4 goblin zombies (Ossuary)
  A hobgoblin skeleton (D:10)
  A hobgoblin zombie (Ossuary)
  A jackal skeleton (D:6)
  A jackal zombie (D:5)
  A kobold zombie (Ossuary)
  An orc zombie (Ossuary)
  4 quokkas
  A quokka skeleton (D:5)
  9 rats
234 creatures vanquished.

Notes
Turn   | Place    | Note
--------------------------------------------------------------
     0 | D:1      | HandofTrog the Demonspawn Gladiator began the quest for the Orb.
     0 | D:1      | Reached XP level 1. HP: 16/16 MP: 1/1
   424 | D:1      | Gained mutation: You are partially covered in icy blue scales (AC +1). [demonic ancestry]
   424 | D:1      | Reached XP level 2. HP: 22/22 MP: 2/2
   722 | D:1      | Reached skill level 3 in Staves
   781 | D:2      | Found a sparkling altar of Nemelex Xobeh.
   917 | D:2      | Gained mutation: You are mostly covered in icy blue scales (AC +3, EV -1). [demonic ancestry]
   917 | D:2      | Reached XP level 3. HP: 28/28 MP: 3/3
  1694 | D:3      | Reached XP level 4. HP: 35/37 MP: 4/4
  1733 | D:3      | Reached skill level 4 in Fighting
  2813 | D:4      | Reached XP level 5. HP: 41/43 MP: 5/5
  2824 | D:4      | Found a radiant altar of Vehumet.
  2837 | D:4      | Reached skill level 5 in Fighting
  3187 | D:4      | Noticed Eustachio
  3319 | D:4      | Found a glowing silver altar of Zin.
  3319 | D:4      | Found a shattered altar of Ashenzari.
  3321 | D:4      | Found a glowing golden altar of the Shining One.
  3543 | D:4      | Found a shadowy altar of Dithmenos.
  3616 | D:4      | Found a deep blue altar of Sif Muna.
  3684 | D:4      | Killed Eustachio
  3684 | D:4      | Reached skill level 6 in Fighting
  3684 | D:4      | Gained mutation: You have large cloven feet. [demonic ancestry]
  3684 | D:4      | Reached XP level 6. HP: 49/53 MP: 6/6
  3734 | D:5      | Entered Level 5 of the Dungeon
  3771 | D:5      | Noticed Crazy Yiuf
  3783 | D:5      | Killed Crazy Yiuf
  3783 | D:5      | Reached skill level 7 in Fighting
  4239 | D:5      | Reached skill level 1 in Armour
  4324 | D:5      | Found a staircase to the Ecumenical Temple.
  4492 | D:5      | Noticed AAAAA's ghost (novice TeBe)
  4521 | D:5      | Killed AAAAA's ghost
  4521 | D:5      | Gained mutation: Your flesh is cold resistant. [demonic ancestry]
  4521 | D:5      | Reached XP level 7. HP: 20/60 MP: 7/7
  5165 | D:5      | Noticed Menkaure
  5172 | D:5      | Killed Menkaure
  5172 | D:5      | Reached skill level 5 in Armour
  5172 | D:5      | Gained mutation: You are completely covered in icy blue scales (AC +4, EV -1, rC+). [demonic ancestry]
  5172 | D:5      | Reached XP level 8. HP: 34/67 MP: 8/8
  5466 | D:5      | Found a snail-covered altar of Cheibriados.
  5718 | Temple   | Entered the Ecumenical Temple
  5981 | Temple   | Became a worshipper of Kikubaaqudgha
  6035 | D:6      | Reached skill level 1 in Spellcasting
  6073 | D:6      | Reached skill level 1 in Necromancy
  6514 | D:6      | Noticed Edmund
  6527 | D:6      | Killed Edmund
  6639 | D:6      | Reached skill level 1 in Maces & Flails
  6929 | D:7      | Noticed a two-headed ogre
  6940 | D:7      | Killed a two-headed ogre
  6949 | D:7      | Gained mutation: When hurt, damage is shared between your health and your magic reserves. [demonic ancestry]
  6949 | D:7      | Reached XP level 9. HP: 33/72 MP: 13/13
  7065 | D:7      | Found a sand-covered staircase.
  7074 | Ossuary  | Entered an ossuary
  7273 | Ossuary  | Reached skill level 5 in Maces & Flails
  8130 | D:8      | Reached * piety under Kikubaaqudgha
  8130 | D:8      | Received a gift from Kikubaaqudgha
  8152 | D:8      | Identified Kikubaaqudgha's Compendium of Black Rituals (Kikubaaqudgha gifted it to you on level 8 of the Dungeon)
  8168 | D:8      | Learned a level 3 spell: Regeneration
  8173 | D:8      | Learned a level 4 spell: Control Undead
  8262 | D:8      | Found a shattered altar of Ashenzari.
  8481 | D:8      | Found a white marble altar of Elyvilon.
  8535 | D:8      | Found a basalt altar of Yredelemnul.
  8761 | D:8      | Learned a level 2 spell: Repel Missiles
  8764 | D:8      | Learned a level 2 spell: Swiftness
  9018 | D:9      | Reached skill level 5 in Necromancy
  9062 | D:9      | Found a blossoming altar of Fedhas.
  9082 | D:9      | Gained mutation: You have hoof-like feet. [demonic ancestry]
  9082 | D:9      | Reached XP level 10. HP: 79/79 MP: 15/15
  9097 | D:9      | Reached skill level 1 in Charms
 10005 | D:9      | Reached ** piety under Kikubaaqudgha
 10096 | D:9      | Found an opulent altar of Gozag.
 10135 | D:9      | Learned a level 1 spell: Summon Butterflies
 10138 | D:9      | Learned a level 2 spell: Corpse Rot
 10144 | D:9      | Found a glowing silver altar of Zin.
 10195 | D:9      | Found a staircase to the Lair.
 10244 | D:9      | Reached skill level 5 in Spellcasting
 10650 | D:10     | Entered Level 10 of the Dungeon
 10822 | D:10     | Slain by a troll

Action                   |  1- 3 |  4- 6 |  7- 9 | 10-12 || total
-------------------------+-------+-------+-------+-------++-------
Melee: Quarterstaff      |   120 |   228 |   134 |       ||   482
       Flail             |       |       |   376 |   291 ||   667
Throw: Throwing net      |       |       |       |     8 ||     8
  Use: Scroll            |       |     1 |    15 |     5 ||    21
       Potion            |       |       |     3 |     7 ||    10
 Stab: Confused          |       |       |     1 |       ||     1
  Eat: Chunk             |     2 |     5 |     4 |     2 ||    13
       Bread ration      |       |     1 |     3 |     1 ||     5
       Fruit             |       |       |       |     1 ||     1
       Pizza             |       |       |       |     1 ||     1
       Beef jerky        |       |       |       |     1 ||     1
